 Dungeon Crawl Stone Soup version 0.16-a0-3946-g4f19e5c (console) character file.

19849 Fusha the Thaumaturge (level 12, -2/72 HPs)
             Began as an Octopode Summoner on Feb 9, 2015.
             Was a High Priest of Vehumet.
             Slain by Rupert
             ... wielding a +1 battleaxe of chopping
              (35 damage)
             ... on level 7 of the Lair of Beasts.
             The game lasted 01:44:46 (16812 turns).

Fusha the Thaumaturge (Octopode Summoner)          Turns: 16812, Time: 01:44:46

Health: -2/72      AC:  3    Str:  7    XL:     12   Next: 73%
Magic:  8/56       EV: 15    Int: 25    God:    Vehumet [*****.]
Gold:   828        SH:  0    Dex: 13    Spells: 12 memorised, 6 levels left

rFire  + . .     SeeInvis +     u - staff of power
rCold  . . .     Clarity  .     (no shield)
rNeg   + . .     SustAb   +     K - +2 hat {SInv}
rPois  .         Gourm    .     J - amulet of regeneration
rElec  .         Spirit   .     k - ring of positive energy
rCorr  .         Warding  .     t - ring of magical power
rMut   .         Stasis   .     I - ring of stealth
MR     +....                    L - +3 ring of intelligence
Stlth  ++++++....               o - ring of stealth
                                p - ring of protection from magic
                                s - ring of Lanod {SustAb +Inv rF+ Slay+3}
                                (no ring)

@: somewhat resistant to hostile enchantments, very stealthy
A: almost no armour, amphibious, 8 rings, constrict 8, camouflage 1, gelatinous
body 1
a: Renounce Religion, Evoke Invisibility


You were on level 7 of the Lair of Beasts.
You worshipped Vehumet.
Vehumet was extremely pleased with you.
You were not hungry.

You visited 2 branches of the dungeon, and saw 15 of its levels.

You collected 906 gold pieces.
You spent 78 gold pieces at shops.

Inventory:

Armour
 K - a +2 hat of see invisible (worn)
Magical staves
 u - an uncursed staff of power (weapon)
Jewellery
 k - a ring of positive energy (left tentacle)
 o - a ring of stealth (on tentacle)
 p - a ring of protection from magic (on tentacle)
 s - the ring of Lanod (on tentacle) {SustAb +Inv rF+ Slay+3}
   (You acquired it on level 4 of the Lair of Beasts)

   [ring of sustain abilities]

   It sustains your strength, intelligence and dexterity.
   It affects your accuracy and damage with ranged weapons and melee attacks
   (+3).
   It protects you from fire.
   It lets you turn invisible.
 t - a ring of magical power (right tentacle)
 I - a ring of stealth (on tentacle)
 J - an amulet of regeneration (around mantle)
 L - a +3 ring of intelligence (on tentacle)
Magical devices
 v - a wand of digging (8)
 w - a wand of fireball (5)
 x - a wand of fire (12)
 y - a wand of random effects (32)
 F - a wand of disintegration (13)
 H - a wand of heal wounds (6)
 P - a wand of confusion (16)
 T - a wand of frost (11)
 W - a wand of fire (5)
 X - a wand of paralysis (10)
Scrolls
 d - 2 scrolls of identify
 f - 6 scrolls of remove curse
 g - a scroll of magic mapping {unknown}
 i - 2 scrolls of teleportation
 q - 2 scrolls of recharging
 B - 2 scrolls of fog {unknown}
 D - 3 scrolls of enchant weapon
 G - a scroll of blinking
 M - 2 scrolls of random uselessness {unknown}
 Q - a scroll of silence
 U - a scroll of amnesia
Potions
 a - 4 potions of might
 e - a potion of mutation
 h - a potion of ambrosia
 j - 8 potions of curing
 l - 5 potions of brilliance
 m - a potion of cancellation
 r - 7 potions of agility
 z - 4 potions of restore abilities
 A - a potion of berserk rage
 C - a potion of magic
 E - 2 potions of heal wounds
 O - a potion of flight
 V - 2 potions of resistance
Books
 b - a book of Callings

   Spells                             Type                      Level
   a - Summon Small Mammal            Summoning                    1
   b - Call Imp                       Summoning                    2
   c - Call Canine Familiar           Summoning                    3
   d - Summon Guardian Golem          Hexes/Summoning              4
   e - Summon Lightning Spire         Summoning/Air                4
   f - Summon Ice Beast               Ice/Summoning                4
 n - the Compendium of Lethal Arcane Weapons
   (You found it on level 4 of the Lair of Beasts)

   Spells                             Type                      Level
   a - Searing Ray                    Conjuration                  2
   b - Corpse Rot                     Necromancy                   2
   c - Regeneration                   Charms/Necromancy            3
   d - Fulminant Prism                Conjuration/Hexes            4
   e - Conjure Ball Lightning         Conjuration/Air              6
Comestibles
 c - 10 bread rations


   Skills:
 + Level 3.1 Fighting
 + Level 1.5 Staves
 + Level 0.4 Throwing
 + Level 5.9 Dodging
 + Level 5.6 Stealth
 + Level 0.4 Unarmed Combat
 - Level 12.1 Spellcasting
 + Level 5.8 Conjurations
 + Level 0.8 Hexes
 + Level 10.5 Summonings
 - Level 4.8 Necromancy
 - Level 4.4 Fire Magic
 + Level 4.5 Ice Magic
 + Level 1.2 Evocations


You had 6 spell levels left.
You knew the following spells:

 Your Spells              Type           Power        Failure   Level  Hunger
a - Summon Small Mammal   Summ           ####         1%          1    None
b - Call Imp              Summ           ######..     1%          2    None
c - Call Canine Familiar  Summ           ######..     1%          3    None
d - Animate Skeleton      Necr           N/A          1%          1    None
e - Pain                  Necr           ####         1%          1    None
f - Flame Tongue          Conj/Fire      #####        1%          1    None
g - Conjure Flame         Conj/Fire      #####...     1%          3    None
h - Summon Ice Beast      Ice/Summ       ######..     1%          4    None
i - Mephitic Cloud        Conj/Pois/Air  ###.....     2%          3    None
j - Summon Guardian Gole  Hex/Summ       #####...     4%          4    None
k - Fulminant Prism       Conj/Hex       ####......   3%          4    None
l - Searing Ray           Conj           #####.       1%          2    None


Dungeon Overview and Level Annotations

Branches:
Dungeon (8/15)             Temple (0/1) D:5            Lair (7/8) D:8
  Swamp (0/5) Lair:5        Snake (0/5) Lair:4        Slime (0/6) Lair:6

Altars:
Fedhas
Kikubaaqudgha
Makhleb
Okawaru
Ru
Sif Muna
Vehumet
Xom
The Shining One
Jiyva

Shops:
D:5 :   D:6 ((   D:8 !

Annotations:
D:3 gold under tele
Lair:7 Rupert


Innate Abilities, Weirdness & Mutations

You cannot wear most types of armour.
You are amphibious.
You can wear up to eight rings at the same time.
You can use your tentacles to constrict many enemies at once.
Your skin changes colour to match your surroundings (Stealth).
Your rubbery body absorbs attacks (AC +1).


Message History

Okay, then.
Press: ? - help, v - describe, . - travel
Here: Rupert, wielding a battleaxe of chopping and wearing a runed leather armour (heavily wounded, berserk, fast, unusually strong)
The floor.
Rupert rages.
Rupert hits you with a battleaxe of chopping!!
* * * LOW HITPOINT WARNING * * *
x2 Drink which item? (? for menu, Esc to quit)
You feel much better.
Rupert hits you with a battleaxe of chopping!!
* * * LOW HITPOINT WARNING * * *
x2 Unknown command.
Drink which item? (? for menu, Esc to quit)
Okay, then.
Drink which item? (? for menu, Esc to quit)
Okay, then.
Drink which item? (? for menu, Esc to quit)
You feel much better.
Rupert hits you with a battleaxe of chopping!!
You die...

.###PPPPPPP#.##..P.PP...
.P.....P........%PPP.....
.......P...........P......
..........................
.................%........
............Z.Z.<%.........
#.........##PS..##......
##......†..#.@#.# ....##
##....Z..####@## #...#
#.........#....# .:..
...#.......P.P....# ... ..
#........P.....# .
#........P.PP.##
#....†..PP..P..
#.......P#(..P.
............... ... ...


You could see Rupert (berserk), a water moccasin and 2 friendly yak skeletons.

Vanquished Creatures
  A spiny frog (Lair:2)
  A black mamba (Lair:4)
  A death yak skeleton (Lair:6)
  A basilisk (Lair:5)
  A blink frog (Lair:4)
  12 yaks
  11 wolves
  2 nagas (Lair:4)
  5 water moccasins
  4 porcupines
  An ice beast (D:6)
  5 crocodiles
  An ogre (D:7)
  A big kobold (D:8)
  Duvessa (D:8)
  12 giant frogs
  Blork the orc (D:6)
  A killer bee (D:7)
  Dowan (D:8)
  A crimson imp (D:6)
  5 hounds
  A giant frog skeleton (D:7)
  A jelly (D:6)
  An orc wizard (D:7)
  2 worker ants
  4 iguanas
  4 sheep
  A hound skeleton (D:7)
  A worker ant zombie (D:7)
  2 gnolls (D:6)
  15 adders
  5 river rats
  A shadow imp (D:4)
  A worm (D:3)
  2 adder skeletons
  An adder zombie (D:8)
  A giant gecko (D:1)
  An ooze (D:5)
  7 orcs
  2 ball pythons
  9 bats
  5 giant cockroaches
  6 hobgoblins
  A jackal (D:5)
  19 kobolds
  13 quokkas
  A giant cockroach zombie (D:5)
  3 giant newts
  9 goblins
  15 rats
203 creatures vanquished.

Vanquished Creatures (collateral kills)
  2 hydras
  7 death yaks
  A fire crab (Lair:5)
  A catoblepas (Lair:6)
  The ghost of Fusha the Bolt Thrower, an experienced CeHu of Fedhas (D:5)
  A griffon (Lair:6)
  An elephant (Lair:6)
  A black mamba (Lair:4)
  10 spiny frogs
  5 komodo dragons
  A fire drake (D:8)
  6 blink frogs
  A polar bear (Lair:4)
  32 yaks
  A human (D:7)
  4 hippogriffs
  9 water moccasins
  9 wolves
  A black bear (D:8)
  2 orc warriors
  A sky beast (D:7)
  2 porcupines
  A phantom (D:4)
  A necrophage (D:7)
  A centaur (D:6)
  3 crocodiles
  5 giant frogs
  A gnoll sergeant (D:6)
  2 scorpions
  A crimson imp (D:7)
  A goliath beetle (D:8)
  2 orc priests
  2 quasits
  3 hounds
  A giant frog skeleton (D:6)
  An iguana (Lair:2)
  2 jellies
  An orc wizard (D:4)
  5 worker ants
  7 sheep
  Ijyb (D:4)
  3 hound zombies
  11 adders
  9 gnolls
  11 river rats (Lair:2)
  A shadow imp (D:4)
  4 worms
  An adder skeleton (D:5)
  2 giant geckos
  12 orcs
  A giant cockroach (D:2)
  4 hobgoblins
  A jackal (D:5)
  2 kobolds
  5 quokkas
  4 bats
  3 goblins
  3 rats
  2 fungi
219 creatures vanquished.

Vanquished Creatures (others)
  A griffon skeleton (Lair:6)
  A black mamba skeleton (Lair:4)
  4 guardian golems
  5 wargs
  35 wolves
  2 spiny frog skeletons (Lair:6)
  35 ice beasts
  A fire drake skeleton (D:8)
  A komodo dragon skeleton (Lair:1)
  5 water moccasin skeletons
  17 crimson imps
  10 yak skeletons
  29 hounds
  3 iron imps
  7 wolf skeletons
  2 giant frog skeletons
  4 crocodile skeletons
  4 orc skeletons
  16 white imps
  12 shadow imps
  3 fulminant prisms (Lair:6)
  An iguana skeleton (Lair:2)
  An orc (D:8)
  2 quokkas
  A river rat skeleton (Lair:2)
  A bat (D:5)
  4 rats
  A plant (Lair:2)
208 creatures vanquished.

Grand Total: 630 creatures vanquished

Notes
Turn   | Place    | Note
--------------------------------------------------------------
     0 | D:1      | Fusha, the Octopode Summoner, began the quest for the Orb.
     0 | D:1      | Reached XP level 1. HP: 11/11 MP: 3/3
   681 | D:1      | Reached XP level 2. HP: 9/17 MP: 4/4
  1411 | D:1      | Learned a level 2 spell: Call Imp
  1900 | D:2      | Reached XP level 3. HP: 14/22 MP: 3/6
  1905 | D:2      | Learned a level 3 spell: Call Canine Familiar
  2348 | D:2      | Found an ancient bone altar of Kikubaaqudgha.
  2352 | D:2      | Identified Kikubaaqudgha's Guide on Necromancy (You found it on level 2 of the Dungeon)
  2358 | D:2      | Found a deep blue altar of Sif Muna.
  2362 | D:2      | Identified Sif Muna's Almanac of Black Rites (You found it on level 2 of the Dungeon)
  2368 | D:2      | Found a radiant altar of Vehumet.
  2372 | D:2      | Identified Vehumet's Catalogue of Combat Magic (You found it on level 2 of the Dungeon)
  2374 | D:2      | Became a worshipper of Vehumet
  2488 | D:2      | Found an iron altar of Okawaru.
  2704 | D:3      | Found a shimmering altar of Xom.
  2722 | D:3      | Found a blossoming altar of Fedhas.
  2826 | D:3      | Found a burning altar of Makhleb.
  2949 | D:3      | Reached XP level 4. HP: 20/27 MP: 7/7
  3439 | D:3      | Found a glowing golden altar of the Shining One.
  3476 | D:4      | Found a glowing golden altar of the Shining One.
  3519 | D:4      | Reached skill level 1 in Fighting
  3772 | D:4      | Reached XP level 5. HP: 33/33 MP: 10/10
  3782 | D:4      | Learned a level 1 spell: Animate Skeleton
  3784 | D:4      | Learned a level 1 spell: Pain
  3817 | D:4      | Acquired Vehumet's first power
  3817 | D:4      | Offered knowledge of Flame Tongue by Vehumet.
  3857 | D:4      | Noticed Ijyb
  3894 | D:4      | Learned a level 1 spell: Flame Tongue
  3910 | D:4      | Killed Ijyb
  4149 | D:5      | Entered Level 5 of the Dungeon
  4329 | D:4      | Found a staircase to the Ecumenical Temple.
  4472 | D:4      | Reached skill level 5 in Summonings
  4610 | D:4      | Found a sacrificial altar of Ru.
  4610 | D:4      | Found an iron altar of Okawaru.
  4640 | D:5      | Noticed Fusha's ghost (experienced CeHu)
  4686 | D:5      | HP: 1/33 [quokka (4)]
  5212 | D:5      | Noticed a phantom
  5280 | D:4      | Killed a phantom
  5280 | D:4      | Reached XP level 6. HP: 23/38 MP: 13/13
  5644 | D:5      | Offered knowledge of Throw Frost by Vehumet.
  5821 | D:5      | Killed Fusha's ghost
  5821 | D:5      | Reached XP level 7. HP: 43/43 MP: 17/17
  5918 | D:5      | Found a staircase to the Ecumenical Temple.
  6079 | D:5      | Found Ytrothruu's Book Emporium.
  6198 | D:6      | Reached skill level 5 in Spellcasting
  6338 | D:6      | Reached skill level 1 in Fire Magic
  6625 | D:6      | Offered knowledge of Conjure Flame by Vehumet.
  6643 | D:6      | Learned a level 3 spell: Conjure Flame
  6658 | D:6      | Reached skill level 1 in Necromancy
  6809 | D:6      | Found Zyno's Weapon Boutique.
  6870 | D:6      | Reached skill level 6 in Summonings
  6870 | D:6      | Reached XP level 8. HP: 48/48 MP: 20/20
  6965 | D:6      | Found Yvofotoj's Weapon Shop.
  7114 | D:6      | Noticed Blork the orc
  7122 | D:6      | Killed Blork the orc
  7122 | D:6      | Reached skill level 1 in Conjurations
  7164 | D:6      | Acquired Vehumet's second power
  7468 | D:7      | Learned a level 4 spell: Summon Ice Beast
  7639 | D:7      | Reached skill level 1 in Staves
  7669 | D:7      | Offered knowledge of Mephitic Cloud by Vehumet.
  7674 | D:7      | Learned a level 3 spell: Mephitic Cloud
  8453 | D:7      | Reached skill level 1 in Evocations
  8596 | D:7      | Reached XP level 9. HP: 46/53 MP: 23/23
  8706 | D:8      | Acquired Vehumet's third power
  8714 | D:8      | Reached skill level 7 in Summonings
  8743 | D:8      | Found a staircase to the Lair.
  8743 | D:8      | Noticed a fire drake
  8822 | D:8      | Killed a fire drake
  8890 | D:8      | Offered knowledge of Bolt of Draining by Vehumet.
  8941 | D:8      | Noticed Duvessa
  8958 | D:8      | Killed Duvessa
  8960 | D:8      | Noticed Dowan
  8993 | D:8      | Killed Dowan
  9495 | D:8      | Noticed an unseen horror
  9764 | D:8      | Found Gaikhor's Distillery.
  9772 | D:8      | Bought a potion of curing for 39 gold pieces
  9772 | D:8      | Bought a potion of curing for 39 gold pieces
  9820 | Lair:1   | Entered Level 1 of the Lair of Beasts
  9884 | Lair:1   | Noticed a spiny frog
  9897 | Lair:1   | Killed a spiny frog
  9910 | Lair:1   | Reached skill level 8 in Spellcasting
  9953 | Lair:1   | Learned a level 4 spell: Summon Guardian Golem
 10138 | Lair:1   | Reached XP level 10. HP: 58/60 MP: 26/27
 10178 | Lair:1   | Noticed a komodo dragon
 10191 | Lair:1   | Killed a komodo dragon
 10219 | Lair:1   | Noticed a komodo dragon
 10242 | Lair:1   | Killed a komodo dragon
 10242 | Lair:1   | Reached skill level 5 in Stealth
 10439 | Lair:1   | Reached skill level 9 in Spellcasting
 10558 | Lair:1   | Found a sacrificial altar of Ru.
 10919 | Lair:2   | Offered knowledge of Iskenderun's Battlesphere by Vehumet.
 11621 | Lair:2   | Reached skill level 10 in Spellcasting
 11741 | Lair:2   | Reached XP level 11. HP: 60/64 MP: 29/29
 12903 | Lair:4   | Found a staircase to the Snake Pit.
 12930 | Lair:4   | Reached skill level 1 in Ice Magic
 12941 | Lair:4   | Identified the Compendium of Lethal Arcane Weapons (You found it on level 4 of the Lair of Beasts)
 12947 | Lair:4   | Learned a level 4 spell: Fulminant Prism
 12950 | Lair:4   | Learned a level 2 spell: Searing Ray
 13207 | Lair:4   | Identified a scroll of acquirement
 13219 | Lair:4   | Got a brightly glowing pewter ring
 13220 | Lair:4   | Identified the ring of Lanod {SustAb +Inv rF+ Slay+3} (You acquired it on level 4 of the Lair of Beasts)
 13286 | Lair:4   | Offered knowledge of Irradiate by Vehumet.
 13960 | Lair:5   | Noticed a fire crab
 13968 | Lair:5   | Killed a fire crab
 14076 | Lair:5   | Found a staircase to the Swamp.
 14119 | Lair:5   | Reached skill level 5 in Dodging
 14274 | Lair:5   | Noticed an eight-headed hydra
 14284 | Lair:5   | Killed an eight-headed hydra
 14492 | Lair:5   | Reached skill level 11 in Spellcasting
 14680 | Lair:5   | Reached skill level 5 in Conjurations
 14977 | Lair:5   | Noticed a death yak
 14983 | Lair:5   | Noticed a death yak
 14984 | Lair:5   | Noticed a death yak
 14987 | Lair:5   | Killed a death yak
 14996 | Lair:5   | Killed a death yak
 15000 | Lair:5   | Killed a death yak
 15174 | Lair:6   | Noticed a death yak
 15174 | Lair:6   | Noticed a death yak
 15176 | Lair:6   | Noticed a death yak
 15178 | Lair:6   | Noticed a death yak
 15190 | Lair:6   | Killed a death yak
 15190 | Lair:6   | Reached XP level 12. HP: 72/72 MP: 31/31
 15236 | Lair:5   | Killed a death yak
 15373 | Lair:5   | Killed a death yak
 15401 | Lair:6   | Killed a death yak
 15719 | Lair:6   | Found a viscous altar of Jiyva.
 15719 | Lair:6   | Found a staircase to the Slime Pits.
 15756 | Lair:6   | Reached skill level 10 in Summonings
 15993 | Lair:6   | Found a glowing golden altar of the Shining One.
 16216 | Lair:6   | Noticed a catoblepas
 16230 | Lair:6   | Killed a catoblepas
 16254 | Lair:6   | Reached skill level 12 in Spellcasting
 16650 | Lair:6   | Offered knowledge of Ozocubu's Refrigeration by Vehumet.
 16779 | Lair:7   | Noticed an eight-headed hydra
 16789 | Lair:7   | Noticed Rupert
 16793 | Lair:7   | Killed an eight-headed hydra
 16812 | Lair:7   | Slain by Rupert

Action                   |  1- 3 |  4- 6 |  7- 9 | 10-12 || total
-------------------------+-------+-------+-------+-------++-------
Melee: Unarmed           |   115 |       |       |       ||   115
       Staff             |    10 |    51 |    56 |    27 ||   144
Throw: Stone             |    19 |       |       |       ||    19
 Cast: Summon Small Mamm |     4 |    11 |       |       ||    15
       Call Imp          |    11 |    48 |    71 |    26 ||   156
       Call Canine Famil |     3 |    31 |    50 |    46 ||   130
       Pain              |       |    29 |    72 |    73 ||   174
       Flame Tongue      |       |     1 |   146 |   305 ||   452
       Animate Skeleton  |       |       |     8 |    54 ||    62
       Conjure Flame     |       |       |     2 |     4 ||     6
       Mephitic Cloud    |       |       |     2 |       ||     2
       Summon Ice Beast  |       |       |       |    96 ||    96
       Summon Guardian G |       |       |       |     5 ||     5
       Fulminant Prism   |       |       |       |     3 ||     3
Evoke: Wand              |       |       |       |     2 ||     2
  Use: Scroll            |     8 |     3 |    13 |    10 ||    34
       Potion            |       |       |       |     3 ||     3
 Stab: Sleeping          |     7 |       |     6 |     3 ||    16
       Distracted        |     1 |       |       |     1 ||     2
  Eat: Meat ration       |     1 |     1 |     1 |     1 ||     4
       Beef jerky        |     1 |       |     2 |     1 ||     4
       Bread ration      |     1 |       |       |     1 ||     2
       Fruit             |       |     7 |     5 |       ||    12
       Pizza             |       |       |     3 |     7 ||    10
       Royal jelly       |       |       |     1 |     1 ||     2
       Chunk             |       |       |       |     1 ||     1
